 Dungeon Crawl Stone Soup version 0.27-a0-899-ge2d0b17c59 (webtiles) character file.

Game seed: 11995710868079620413

12806 srzhan31 the Geomancer (level 11, -5/64 HPs)
             Began as a Gargoyle Earth Elementalist on Apr 6, 2021.
             Was an Elder of Vehumet.
             Slain by a skeletal warrior
             ... wielding a +0 glaive
             ... led by a skeletal warrior
              (25 damage)
             ... on level 11 of the Dungeon.
             The game lasted 00:41:39 (10721 turns).

srzhan31 the Geomancer (GrEE)                      Turns: 10721, Time: 00:41:39

Health: -5/64      AC: 22    Str: 13    XL:     11   Next: 99%
Magic:  20/23      EV: 13    Int: 18    God:    Vehumet [****..]
Gold:   714        SH:  5    Dex: 13    Spells: 0/27 levels left

rFire    + + +     SeeInvis .   l - staff of fire
rCold    . . .     Faith    .   H - +0 buckler
rNeg     + . .     Spirit   .   r - +3 leather armour of Pamugiz {rF++ Dex+3}
rPois    ∞         Reflect  .   p - +0 helmet
rElec    +         Harm     .   o - +0 cloak
rCorr    .         Rampage  .   L - +0 pair of gloves
Will     .....                  (no boots)
Stlth    ++++++....             g - amulet of magic regeneration
HPRegen  0.20/turn              d - ring of Shadows {Umbra +Inv Stlth+}
MPRegen  0.43/turn              F - +4 ring of protection

@: wreathed by umbra
A: AC +8, negative energy resistance 1, electricity resistance, torment
resistance 1, unbreathing 1, petrification resistance
a: Renounce Religion, Evoke Invisibility


You were on level 11 of the Dungeon.
You worshipped Vehumet.
Vehumet was greatly pleased with you.
You visited 2 branches of the dungeon, and saw 12 of its levels.

You collected 714 gold pieces.

Inventory:

Missiles
 n - 6 throwing nets
 x - 145 stones
Armour
 j - a +2 robe of willpower
 o - a +0 cloak (worn)
 p - a +0 helmet (worn)
 r - the +3 leather armour of Pamugiz (worn) {rF++ Dex+3}
   (You found it on level 4 of the Dungeon)

   It affects your dexterity (+3).
   It greatly protects you from fire.
 H - a +0 buckler (worn)
 L - a +0 pair of gloves (worn)
 M - +0 acid dragon scales
Magical Staves
 l - a staff of fire (weapon)
Jewellery
 a - a ring of protection from cold
 d - the ring of Shadows (left hand) {Umbra +Inv Stlth+}
   (You found it on level 11 of the Dungeon)

   [ring of stealth]

   It lets you turn invisible.
   It makes you more stealthy.
 g - an amulet of magic regeneration (around neck)
 y - a ring of protection from fire
 C - a ring of see invisible
 F - a +4 ring of protection (right hand)
 G - a ring of fire
Wands
 w - a wand of mindburst (18)
 I - a wand of digging (4)
 K - a wand of iceblast (3)
 N - a wand of flame (20)
Scrolls
 c - a scroll of blinking
 e - 2 scrolls of teleportation
 m - 6 scrolls of magic mapping
 s - 2 scrolls of enchant weapon
 u - a scroll of identify
 E - a scroll of torment {unknown}
Potions
 b - a potion of flight
 f - 3 potions of degeneration {unknown}
 h - 4 potions of curing
 i - a potion of magic {unknown}
 k - 3 potions of attraction
 q - 4 potions of heal wounds
 t - 2 potions of mutation {unknown}
 v - 3 potions of ambrosia {unknown}
 z - 3 potions of lignification {unknown}
 A - 2 potions of haste
 B - 2 potions of might {unknown}
 D - a potion of brilliance {unknown}
 J - 2 potions of resistance {unknown}


   Skills:
 * Level 5.5 Fighting
 * Level 5.4 Armour
 * Level 4.2 Dodging
 * Level 6.2 Stealth
 * Level 5.5 Shields
 * Level 8.8 Spellcasting
 * Level 6.2 Conjurations
 * Level 1.0 Translocations
 * Level 1.3 Transmutations
 * Level 3.1 Fire Magic
 * Level 0.7 Air Magic
 * Level 10.9 Earth Magic
 * Level 3.7 Poison Magic


You couldn't memorise any spells.
You knew the following spells:

 Your Spells              Type           Power      Damage    Failure   Level
a - Sandblast             Erth           94%        2d19      1%          1
b - Stone Arrow           Conj/Erth      78%        3d11      1%          3
c - Foxfire               Conj/Fire      100%       2x1d9     1%          1
d - Lee's Rapid Deconstr  Erth           23%        3d14*     1%          5
e - Shock                 Conj/Air       80%        1d8       1%          1
f - Iskenderun's Mystic   Conj/Tloc      21%        2d6       7%          4
g - Blink                 Tloc           N/A        N/A       11%         2
h - Mephitic Cloud        Conj/Pois/Air  20%        N/A       2%          3
i - Sticky Flame          Conj/Fire      37%        2d6       4%          4
j - Frozen Ramparts       Ice            14%        1d3       9%          3

Your spell library contained the following spells:

 Spells                   Type           Power      Damage    Failure   Level
 Magic Dart               Conj           100%       1d8       1%          1
 Passwall                 Tmut/Erth      25%        N/A       1%          2
 Conjure Flame            Conj/Fire      37%        6-21      1%          3
 Sting                    Tmut/Pois      68%        1d6       3%          1
 Beastly Appendage        Tmut           24%        N/A       6%          1
 Petrify                  Tmut/Erth      30%        N/A       9%          4
 Wereblood                Tmut           12%        N/A       10%         2
 Spider Form              Tmut/Pois      8%         N/A       12%         3
 Call Imp                 Summ           7%         N/A       17%         2
 Slow                     Hex            7%         N/A       17%         2
 Ice Form                 Ice/Tmut       10%        N/A       63%         4
 Alistair's Intoxication  Tmut/Pois      11%        N/A       71%         5
 Hydra Form               Tmut           6%         N/A       87%         5


Dungeon Overview and Level Annotations

Branches:
Dungeon (11/15)            Temple (1/1) D:5            Lair (0/6) D:8
    Orc (0/2) D:9

Altars:
Ashenzari
Cheibriados
Dithmenos
Elyvilon
Fedhas
Gozag
Hepliaklqana
Kikubaaqudgha
Makhleb
Nemelex Xobeh
Okawaru
Qazlal
Ru
Sif Muna
Uskayaw
Vehumet
Wu Jian
Xom
Yredelemnul
Zin
The Shining One

Annotations:
D:7 3 runed translucent doors, Zeld's ghost, novice HuCj


Innate Abilities, Weirdness & Mutations

Your stone body is resilient. (AC +8)
You are immune to poison.
You resist negative energy. (rN+)
You are resistant to electric shocks. (rElec)
You are resistant to unholy torment.
You can survive without breathing.
You are immune to petrification.


Message History

Confirm with . or Enter, or press ? or * to list all spells.
You blink.
The vampire throws a stone.
The stone completely misses you.
The vampire casts a spell at itself.
The vampire flickers and vanishes!
Deactivating autopickup; reactivate with Ctrl-A.
Casting: Blink (safe; 11% risk of failure)
Confirm with . or Enter, or press ? or * to list all spells.
You blink.
Casting: Blink (safe; 11% risk of failure)
Confirm with . or Enter, or press ? or * to list all spells.
You blink.
Your magical contamination has completely faded away.
Casting: Blink (safe; 11% risk of failure)
Confirm with . or Enter, or press ? or * to list all spells.
You blink.
Casting: Blink (safe; 11% risk of failure)
Confirm with . or Enter, or press ? or * to list all spells.
You miscast Blink.
You are very lightly contaminated with residual magic.
Nothing appears to happen.
The skeletal warrior hits you with a +0 morningstar.
The skeletal warrior hits you with a +0 scimitar!
Casting: Blink (safe; 11% risk of failure)
Confirm with . or Enter, or press ? or * to list all spells.
You blink.
The skeletal warrior hits you from afar with a +0 glaive!
* * * LOW HITPOINT WARNING * * *
The skeletal warrior misses you.
Casting: Blink (safe; 11% risk of failure)
Confirm with . or Enter, or press ? or * to list all spells.
You miscast Blink.
Nothing appears to happen.
The skeletal warrior misses you.
The skeletal warrior hits you with a +0 mace.
* * * LOW HITPOINT WARNING * * *
A stone appears from out of thin air!
The stone hits you but does no damage.
Your magical contamination has completely faded away.
There is a stone staircase leading up here.
The skeletal warrior hits you but does no damage.
The skeletal warrior hits you from afar with a +0 glaive!!
You die...

## #..........#
#######..........#
....).'.>........#
#######.....z....###
.........##.##.z...#
########.##.######.#
# #.......z.#.z.#{#
# #.....z...#.#z#z#
# #....[....#z#@#.#
# #.........#.###.#
# #.........#...z.#
# #.........#######
# #.........# #
#......(..#
####.........#
#............#
#....#####..##


You could see 2 skeletal warriors.

Vanquished Creatures
  Harold (D:10)
  A centaur warrior (D:8)
  A two-headed ogre (D:8)
  A skeletal warrior (D:11)
  An ugly thing (D:10)
  A manticore (D:11)
  A cyclops (D:11)
  An unseen horror (D:10)
  Psyche (D:10)
  A troll (D:10)
  2 hornets (D:10)
  3 slime creatures (D:11)
  Sigmund (D:2)
  8 yaks
  3 shadows
  A vampire (D:10)
  A wyvern (D:3)
  2 steam dragons
  A vampire mosquito (D:10)
  2 water moccasins (D:7)
  2 acid dragons (D:10)
  A sky beast (D:2)
  4 orc warriors
  A black bear (D:8)
  A necrophage (D:4)
  3 ogres (D:5)
  3 centaurs
  3 kobold brigands
  2 gnoll sergeants
  3 bullfrogs (D:8)
  2 scorpions (D:5)
  A water moccasin zombie (D:6)
  6 killer bees
  19 wights (D:8)
  3 howler monkeys
  5 hounds
  3 centaur zombies
  3 orc priests
  5 jellies
  3 gnoll shamans
  A centaur skeleton (D:5)
  Natasha (thrice) (D:4)
  An iguana (D:7)
  9 orc wizards
  A hound skeleton (D:4)
  2 howler monkey zombies
  28 gnolls
  4 adders
  3 shadow imps
  A white imp (D:8)
  2 worms
  3 dart slugs
  42 orcs
  10 endoplasms
  2 giant cockroaches
  11 goblins
  6 hobgoblins
  2 quokkas
  3 ball pythons
  2 bats (D:1)
  5 frilled lizards
  23 kobolds
  3 rats
274 creatures vanquished.

Vanquished Creatures (others)
  41 foxfires
  13 fungi (D:8)
  16 plants (D:8)
70 creatures vanquished.

Grand Total: 344 creatures vanquished

Notes
Turn   | Place    | Note
-------+----------+-------------------------------------------
     0 | D:1      | srzhan31 the Gargoyle Earth Elementalist began the quest
                  | for the Orb.
     0 | D:1      | Reached XP level 1. HP: 10/10 MP: 3/3
   175 | D:1      | Reached skill level 4 in Earth Magic
   175 | D:1      | Reached XP level 2. HP: 16/16 MP: 1/5
   398 | D:1      | Reached skill level 1 in Transmutations
   554 | D:1      | Reached XP level 3. HP: 20/20 MP: 3/6
   714 | D:1      | Found a faded altar of an unknown god.
  1220 | D:2      | Found an iron altar of Okawaru.
  1230 | D:2      | Reached skill level 1 in Fighting
  1383 | D:2      | Noticed a sky beast
  1391 | D:2      | Killed a sky beast
  1392 | D:2      | Reached skill level 1 in Armour
  1392 | D:2      | Reached skill level 1 in Conjurations
  1392 | D:2      | Reached skill level 5 in Earth Magic
  1392 | D:2      | Reached XP level 4. HP: 17/25 MP: 0/8
  1392 | D:2      | Reached XP level 5. HP: 20/29 MP: 0/9
  1636 | D:2      | Noticed Sigmund
  1648 | D:2      | Killed Sigmund
  1649 | D:2      | Reached skill level 1 in Shields
  1649 | D:2      | Reached XP level 6. HP: 24/35 MP: 3/11
  2198 | D:3      | Noticed a wyvern
  2241 | D:3      | Found an ancient bone altar of Kikubaaqudgha.
  2402 | D:3      | Killed a wyvern
  2403 | D:3      | Reached skill level 6 in Earth Magic
  2403 | D:3      | Reached XP level 7. HP: 40/40 MP: 7/13
  3031 | D:4      | Identified the +3 leather armour of Pamugiz {rF++ Dex+3}
  3070 | D:4      | Noticed Natasha
  3073 | D:4      | Killed Natasha
  3182 | D:4      | Noticed Natasha
  3198 | D:4      | Killed Natasha
  3281 | D:4      | Found a broken altar of Ashenzari.
  3416 | D:4      | Noticed Natasha
  3425 | D:4      | Learned a level 3 spell: Stone Arrow
  3432 | D:4      | Killed Natasha
  3433 | D:4      | Reached XP level 8. HP: 45/45 MP: 12/15
  3534 | D:5      | Entered Level 5 of the Dungeon
  3634 | D:5      | Found an opulent altar of Gozag.
  3665 | D:5      | Found an ornate altar of the Wu Jian Council.
  3811 | D:5      | Reached skill level 7 in Earth Magic
  3824 | D:5      | Reached skill level 5 in Spellcasting
  4139 | D:5      | Found a hide-covered altar of Uskayaw.
  4314 | D:5      | Found a staircase to the Ecumenical Temple.
  4388 | Temple   | Entered the Ecumenical Temple
  4437 | Temple   | Became a worshipper of Vehumet
  4922 | D:6      | Reached XP level 9. HP: 51/51 MP: 12/17
  5142 | D:7      | Found a runed translucent gate.
  5142 | D:7      | Found a runed translucent gate.
  5143 | D:7      | Found a runed translucent gate.
  5236 | D:7      | Noticed Zeld's ghost (novice HuCj)
  5250 | D:7      | Reached skill level 1 in Poison Magic
  5796 | D:7      | Found a shimmering blue altar of Sif Muna.
  5884 | D:7      | Reached skill level 8 in Earth Magic
  6246 | D:8      | Noticed a centaur warrior
  6254 | D:8      | Killed a centaur warrior
  6254 | D:8      | Reached * piety under Vehumet
  6254 | D:8      | Offered knowledge of Foxfire by Vehumet.
  6257 | D:8      | Learned a level 1 spell: Foxfire
  6448 | D:8      | Reached XP level 10. HP: 44/56 MP: 8/19
  6531 | D:8      | Found a staircase to the Lair.
  6555 | D:8      | Reached skill level 9 in Earth Magic
  6560 | D:8      | Reached skill level 1 in Fire Magic
  6752 | D:8      | Learned a level 5 spell: Lee's Rapid Deconstruction
  6791 | D:8      | Reached ** piety under Vehumet
  6791 | D:8      | Offered knowledge of Shock by Vehumet.
  6919 | D:8      | Noticed a two-headed ogre
  6926 | D:8      | Killed a two-headed ogre
  6927 | D:8      | Reached skill level 5 in Stealth
  6927 | D:8      | Reached skill level 5 in Conjurations
  6975 | D:8      | Found a glowing golden altar of the Shining One.
  7690 | D:9      | Learned a level 1 spell: Shock
  7694 | D:9      | Offered knowledge of Dazzling Flash by Vehumet.
  7791 | D:9      | Found a staircase to the Orcish Mines.
  7932 | D:9      | Found a shadowy altar of Dithmenos.
  8300 | D:10     | Entered Level 10 of the Dungeon
  8367 | D:10     | Found a white marble altar of Elyvilon.
  8378 | D:10     | Killed an unseen horror
  8429 | D:10     | Identified the Handbook of Toxins and Combat Magic
  8464 | D:10     | Reached XP level 11. HP: 62/62 MP: 19/22
  8472 | D:10     | Reached *** piety under Vehumet
  8636 | D:10     | Reached skill level 10 in Earth Magic
  8711 | D:10     | Found an iron altar of Okawaru.
  8727 | D:10     | Noticed Psyche
  8734 | D:10     | Killed Psyche
  8735 | D:10     | Reached skill level 5 in Fighting
  9004 | D:10     | Noticed Harold
  9020 | D:10     | Killed Harold
  9021 | D:10     | Reached skill level 5 in Shields
  9166 | D:10     | Noticed a red ugly thing
  9170 | D:10     | Reached skill level 5 in Armour
  9315 | D:10     | Offered knowledge of Fulminant Prism by Vehumet.
  9327 | D:10     | Learned a level 4 spell: Iskenderun's Mystic Blast
  9377 | D:10     | Killed a red ugly thing
  9744 | D:10     | Found a blossoming altar of Fedhas.
  9958 | D:11     | Noticed a skeletal warrior
  9958 | D:11     | Noticed a skeletal warrior
  9964 | D:11     | Learned a level 2 spell: Blink
 10048 | D:11     | Found the ring of Shadows {Umbra +Inv Stlth+}
 10115 | D:11     | Noticed a cyclops
 10121 | D:11     | Killed a cyclops
 10405 | D:11     | Noticed a skeletal warrior
 10406 | D:11     | Noticed a manticore
 10414 | D:11     | Killed a manticore
 10468 | D:11     | Learned a level 3 spell: Mephitic Cloud
 10473 | D:11     | Learned a level 4 spell: Sticky Flame
 10495 | D:11     | Noticed a skeletal warrior
 10552 | D:11     | Killed a skeletal warrior
 10552 | D:11     | Reached **** piety under Vehumet
 10581 | D:11     | Offered knowledge of Frozen Ramparts by Vehumet.
 10582 | D:11     | Reached skill level 1 in Translocations
 10586 | D:11     | Learned a level 3 spell: Frozen Ramparts
 10670 | D:11     | Noticed a skeletal warrior
 10721 | D:11     | Slain by a skeletal warrior

Illustrated notes

Levels and vault maps discovered:
D:1:      eino_arrival_water_star, layout_rooms,
          ebering_ecumenical_altar_abandoned, minmay_distorted
D:2:      layout_basic, serial_corexii_hall, corexii_hall_statues_s,
          corexii_hall_statues_l, basic_altar, uniq_sigmund
D:3:      layout_loops_ring, lemuel_round_altar, small_statue_intersection
D:4:      layout_loops_cross, ashenzari_altar_1, uniq_natasha
D:5:      layout_rooms, kennysheep_mini, lemuel_doored_altar,
          amcnicky_altar_gilded, minmay_temple_entry_large_hall
D:6:      layout_cave_pools
D:7:      layout_loops_ring, lemuel_round_altar, gammafunk_ghost_icy,
          grunt_ministairs_10
D:8:      layout_loops_ring, tso_oasis_becter, grunt_lair_entry_orc_guard_hut
D:9:      layout_basic, nicolae_overflow_hidden_temple, grunt_dithmenos_shadows,
          david_orc_3, minmay_misc_feat_x
D:10:     cheibrodos_barr_body, layout_irregular_city,
          overflow_temple_1_default, nicolae_overflow_crystal_walls,
          kennysheep_okawaru_gauntlet, uniq_harold, uniq_psyche
D:11:     layout_basic
Temple:   jpeg_temple_alley_garden

Skill      XL: |  1  2  3  4  5  6  7  8  9 10 11 |
---------------+----------------------------------+-----
Earth Magic    | 4 5 6 7 8 9 10 | 10.9
Transmutations | 1 |  1.3
Fighting       | 1 2 3 4 5 |  5.5
Armour         | 1 2 3 4 5 |  5.4
Spellcasting   | 3 4 5 6 7 8 |  8.8
Conjurations   | 1 2 3 4 5 6 |  6.2
Shields        | 1 2 3 4 5 |  5.5
Dodging        | 2 3 4 |  4.2
Stealth        | 3 4 5 6 |  6.2
Poison Magic   | 2 3 |  3.7
Fire Magic     | 2 3 |  3.1
Translocations | 1 |  1.0
Air Magic      | |  0.7

Action                   |  1- 3 |  4- 6 |  7- 9 | 10-12 || total
-------------------------+-------+-------+-------+-------++-------
Melee: Staff             |       |       |     1 |       ||     1
 Cast: Sandblast         |    52 |    42 |    93 |    70 ||   257
       Stone Arrow       |       |       |    81 |   180 ||   261
       Foxfire           |       |       |     4 |    18 ||    22
       Lee's Rapid Decon |       |       |       |    12 ||    12
       Shock             |       |       |       |     8 ||     8
       Blink             |       |       |       |     9 ||     9
       Iskenderun's Myst |       |       |       |     3 ||     3
       Sticky Flame      |       |       |       |     1 ||     1
  Use: Scroll            |       |       |       |    10 ||    10
       Potion            |       |       |       |     1 ||     1
Armor: Robe              |     7 |     6 |     3 |       ||    16
       Leather armour    |       |       |    19 |    45 ||    64
Dodge: Dodged            |     9 |    13 |    32 |    46 ||   100
Block: Buckler           |       |       |       |    19 ||    19

Table legend: (Time is in decaauts)
 A = Elapsed time spent in this place.
 B = Non-inter-level travel time spent in this place.
 C = Inter-level travel time spent in this place.
 D = Time resting spent in this place.
 E = Time spent auto-exploring this place.
 F = Levels seen in this place.
 G = Mean time per level.
                   A        B        C        D        E       F      G
               +--------+--------+--------+--------+--------+-----+--------+
         Total |  10722 |  10309 |    413 |      0 |   8054 |  12 |  893.5 |
       Dungeon |  10499 |  10123 |    376 |      0 |   7878 |  11 |  954.5 |
        Temple |    223 |    186 |     37 |      0 |    176 |   1 |  223.0 |
               +--------+--------+--------+--------+--------+-----+--------+

Top non-repeatable levels by time:
    D:10: 1560 daAuts
     D:2: 1172 daAuts
     D:7: 1160 daAuts
     D:8: 1066 daAuts
     D:9: 986 daAuts
     D:4: 931 daAuts
     D:1: 889 daAuts
    D:11: 860 daAuts
     D:5: 817 daAuts
     D:3: 605 daAuts
     D:6: 447 daAuts
  Temple: 223 daAuts
